[Event "Team 45 45 League T54"]
[Site "Internet Chess Club"]
[Date "2012.09.22"]
[Round "5"]
[White "azbycx"]
[Black "Holzschlange"]
[Result "1-0"]
[WhiteElo "1866"]
[BlackElo "1814"]
[Opening "Queen's pawn game"]
[ECO "A46"]
[Time "09:08:19"]
[TimeControl "2700+45"]

1. d4 Nf6 2. Nf3 e6 3. g3 d5 4. Bg2 c5 5. O-O cxd4 6. Nxd4 e5 7. Nb3 Nc6 8. Bg5
Be6 9. Bxf6 gxf6 10. Nc3 d4 11. Ne4 Rc8 12. Nec5 Qc7 13. Nxe6 fxe6 14. e3 Nb4
15. exd4 Qxc2 16. Qf3 Qf5 17. Qxb7 Rd8 18. a3 Nd5 19. Rad1 Be7 20. dxe5 fxe5 21.
Bxd5 exd5 22. Rxd5 Kf7 23. f4 {Black resigns} 1-0

[Event "Team 45 45 League T54"]
[Site "Internet Chess Club"]
[Date "2012.09.16"]
[Round "5"]
[White "Docvan"]
[Black "Kravier"]
[Result "1-0"]
[WhiteElo "1435"]
[BlackElo "1629"]
[Opening "Caro-Kann: advance variation"]
[ECO "B12"]
[Time "15:05:48"]
[TimeControl "2700+45"]

1. e4 c6 2. d4 d5 3. e5 Bf5 4. Nf3 e6 5. Be2 Nd7 6. O-O Bg6 7. Nbd2 c5 8. c3
cxd4 9. cxd4 h6 10. Nb3 Ne7 11. Bd2 Nc6 12. Bb5 Rc8 13. Rc1 Qb6 14. Qe2 a6 15.
Bxc6 bxc6 16. Nh4 Bh7 17. f4 Be7 18. f5 Bxh4 19. fxe6 Nf8 20. exf7+ Ke7 21. Qg4
Ng6 22. g3 Bg5 23. Bxg5+ hxg5 24. Qxg5+ Kd7 25. Nc5+ Kc7 26. Ne6+ Kb8 27. Rc3
Ka8 28. Rb3 Qa7 29. Ra3 c5 30. Nxc5 Rxc5 31. f8=Q+ Rxf8 32. Rxf8+ Nxf8 33. Qd8+
Kb7 34. Qe7+ Rc7 35. Rb3+ Qb6 36. Rxb6+ Kxb6 37. Qxf8 Be4 38. e6 Rc1+ 39. Kf2
Rc2+ 40. Ke3 {Black resigns} 1-0

[Event "Team 45 45 League T54"]
[Site "Internet Chess Club"]
[Date "2012.09.15"]
[Round "5"]
[White "AnthonySinkface"]
[Black "pereelcoix"]
[Result "1/2-1/2"]
[WhiteElo "1128"]
[BlackElo "1338"]
[Opening "Danish gambit: Schlechter defense"]
[ECO "C21"]
[Time "04:00:29"]
[TimeControl "2700+45"]

1. e4 e5 2. d4 exd4 3. c3 dxc3 4. Bc4 cxb2 5. Bxb2 d5 6. Bxd5 Nf6 7. Bxf7+ Kxf7
8. Qxd8 Bb4+ 9. Qd2 Bxd2+ 10. Nxd2 Re8 11. e5 Nc6 12. Ngf3 Bg4 13. O-O Nd5 14.
h3 Bxf3 15. Nxf3 Re7 16. Rfe1 Rae8 17. e6+ Kg8 18. Rad1 Ndb4 19. a3 Na6 20. Rd7
Rxd7 21. exd7 Rxe1+ 22. Nxe1 Nc5 23. Bc1 Nxd7 24. Bf4 Nde5 25. Nc2 h6 26. Nb4
Nxb4 27. axb4 Nd3 28. Bxc7 Nxb4 29. g4 Nd5 30. Be5 b5 31. f4 b4 32. Kf2 b3 33.
Ke2 a5 34. f5 a4 35. Bb2 Nf4+ 36. Kd2 Nxh3 37. Kc3 Nf2 38. Kb4 Nd3+ 39. Kxa4
Nxb2+ 40. Kxb3 Nd3 41. Kc2 Ne5 42. g5 h5 43. Kd1 h4 44. Ke2 h3 45. Kf2 Ng4+ 46.
Kg3 h2 47. Kg2 Kf7 48. Kh1 g6 49. fxg6+ Kxg6 50. Kg2 Kxg5 51. Kh1 Kf4 52. Kg2
Ke3 53. Kh1 Ke4 54. Kg2 Kd3 55. Kh1 Ke3 56. Kg2 Ke2 57. Kh1 {Game drawn by
mutual agreement} 1/2-1/2

[Event "Team 45 45 League T54"]
[Site "Internet Chess Club"]
[Date "2012.09.17"]
[Round "5"]
[White "Andaluz"]
[Black "WzeroMN"]
[Result "1/2-1/2"]
[WhiteElo "1089"]
[BlackElo "1018"]
[Opening "Scotch opening"]
[ECO "C44"]
[Time "17:01:29"]
[TimeControl "2700+45"]

1. e4 e5 2. Nf3 Nc6 3. d4 d6 4. d5 Nb4 5. a3 Na6 6. b4 c6 7. dxc6 Nc7 8. c4 bxc6
9. Nc3 Bg4 10. Be2 Bxf3 11. Bxf3 Nf6 12. Qa4 Qd7 13. h3 Be7 14. Be3 c5 15. Qxd7+
Nxd7 16. O-O O-O 17. Be2 Ne6 18. Nd5 Bf6 19. Bg4 Nb6 20. Nxf6+ gxf6 21. Rac1 Nd4
22. Bxd4 exd4 23. Bf5 a5 24. b5 Kh8 25. Rfd1 a4 26. Rd3 Rae8 27. Rg3 {Game drawn
by mutual agreement} 1/2-1/2

[Event "Team 45 45 League T54"]
[Site "Internet Chess Club"]
[Date "2012.09.14"]
[Round "5"]
[White "birk113"]
[Black "moomaster"]
[Result "0-1"]
[WhiteElo "1428"]
[BlackElo "1766"]
[Opening "Sicilian: accelerated fianchetto, modern variation with Bc4"]
[ECO "B35"]
[Time "15:21:06"]
[TimeControl "2700+45"]

1. e4 c5 2. Nf3 Nc6 3. d4 cxd4 4. Nxd4 g6 5. Be3 Bg7 6. Nc3 Nf6 7. Bc4 Qa5 8.
O-O O-O 9. a3 d6 10. b4 Qh5 11. Qxh5 Nxh5 12. Rad1 Nxd4 13. Bxd4 Be6 14. Bxg7
Kxg7 15. Nd5 Rac8 16. Bb3 Bxd5 17. exd5 a6 18. Rfe1 Rc7 19. a4 b6 20. Re3 Rfc8
21. g3 f5 22. Rd4 Nf6 23. f3 Kf7 24. g4 fxg4 25. fxg4 g5 26. h3 Rc3 27. Rdd3
Rxd3 28. Rxd3 Nd7 29. Rf3+ Kg6 30. c3 Ne5 31. Bc2+ Kg7 32. Re3 h6 33. Kg2 a5 34.
b5 Rc5 35. Be4 Kf8 36. Kg3 Nd7 37. Bf3 Nf6 38. h4 Rc4 39. hxg5 hxg5 40. Rd3 Rxa4
41. Bd1 Rc4 42. Bb3 Rc5 43. c4 Ke8 44. Kf3 Nd7 45. Rc3 Ne5+ 46. Kg3 e6 47. dxe6
d5 48. Re3 dxc4 49. Bc2 Ke7 50. Bf5 c3 51. Re1 a4 52. Rc1 a3 53. Kf2 a2 54. Ke2
Rxb5 {White resigns} 0-1

[Event "Team 45 45 League T54"]
[Site "Internet Chess Club"]
[Date "2012.09.14"]
[Round "5"]
[White "houseofcook"]
[Black "akshayk06"]
[Result "0-1"]
[WhiteElo "1444"]
[BlackElo "1477"]
[Opening "Sicilian: Grand Prix attack"]
[ECO "B23"]
[Time "13:01:55"]
[TimeControl "2700+45"]

1. e4 c5 2. Nc3 Nc6 3. f4 d6 4. Bb5 a6 5. Bxc6+ bxc6 6. Nf3 Bg4 7. O-O e6 8. d3
Be7 9. Qe1 d5 10. e5 Nh6 11. Bd2 O-O 12. Ne2 Nf5 13. h3 Bxf3 14. Rxf3 Qb6 15.
Qc1 c4+ 16. Kh1 Nh4 17. Rg3 Bc5 18. c3 Bf2 19. Be3 Bxe3 20. Rxe3 cxd3 21. Nd4 c5
22. Nf3 Nxf3 23. Rxf3 c4 24. Qd2 Rab8 25. Rf2 f6 26. Re1 d4 27. exf6 Rxf6 28. g3
dxc3 29. Qxc3 Qxf2 {White resigns} 0-1

[Event "Team 45 45 League T54"]
[Site "Internet Chess Club"]
[Date "2012.09.16"]
[Round "5"]
[White "Patzer4Life"]
[Black "MateIn42"]
[Result "1-0"]
[WhiteElo "1355"]
[BlackElo "1356"]
[Opening "Two knights defense"]
[ECO "C58"]
[Time "22:14:36"]
[TimeControl "2700+45"]

1. e4 e5 2. Nf3 Nc6 3. Bc4 Nf6 4. Ng5 d5 5. exd5 Na5 6. Bb5+ c6 7. dxc6 bxc6 8.
Ba4 Be7 9. d3 O-O 10. O-O h6 11. Ne4 Bf5 12. Ng3 Bh7 13. a3 Qb6 14. b4 Nb7 15.
Be3 Qc7 16. c4 Rfd8 17. Bc2 Nd6 18. Nc3 Nxc4 19. Qb1 Nxe3 20. fxe3 Qb6 21. Re1
Ng4 22. Na4 Qa6 23. d4 Bxc2 24. Qxc2 exd4 25. exd4 Re8 26. h3 Nf6 27. Nf5 Nd5
28. Nxe7+ Rxe7 29. Rxe7 Nxe7 30. Nc5 Qc8 31. Re1 Nd5 32. Qc4 Qf5 33. Rf1 Qe6 34.
Nxe6 Ne3 35. Qxc6 {Black resigns} 1-0

[Event "Team 45 45 League T54"]
[Site "Internet Chess Club"]
[Date "2012.09.15"]
[Round "5"]
[White "Visin"]
[Black "Katrina"]
[Result "1-0"]
[WhiteElo "1211"]
[BlackElo "1210"]
[Opening "Two knights defense"]
[ECO "C55"]
[Time "09:01:12"]
[TimeControl "2700+45"]

1. e4 e5 2. Nf3 Nc6 3. Bc4 Nf6 4. O-O Nxe4 5. Re1 Nf6 6. Nxe5 Nxe5 7. Rxe5+ Be7
8. h3 O-O 9. d4 d6 10. Re1 Bf5 11. c3 d5 12. Bd3 Bxd3 13. Qxd3 Bd6 14. Bg5 h6
15. Bh4 g5 16. Bg3 Bxg3 17. fxg3 Ne4 18. Nd2 f5 19. Rf1 h5 20. Nxe4 fxe4 21. Qe3
Rxf1+ 22. Rxf1 g4 23. Rf5 Qe7 24. Qg5+ Qxg5 25. Rxg5+ Kf7 26. Rxd5 Re8 27. Rxh5
gxh3 28. gxh3 e3 29. Re5 Re6 30. Rxe6 Kxe6 31. Kf1 Kf5 32. Ke2 {Black resigns}
1-0

[Event "Team 45 45 League T54"]
[Site "Internet Chess Club"]
[Date "2012.09.13"]
[Round "5"]
[White "krysto"]
[Black "chrisgianno"]
[Result "0-1"]
[WhiteElo "1561"]
[BlackElo "1666"]
[Opening "Dutch"]
[ECO "A80"]
[Time "15:11:20"]
[TimeControl "2700+45"]

1. d4 f5 2. Nc3 h6 3. e4 h5 4. Bg5 c6 5. f3 Qa5 6. e5 e6 7. g4 Be7 8. Qd2 b5 9.
Bxe7 Nxe7 10. g5 Bb7 11. Nce2 Qb6 12. Nf4 Na6 13. Be2 O-O-O 14. O-O-O Nc7 15.
Ngh3 d6 16. Qb4 Ncd5 17. Qd2 Nc7 18. Qb4 Ned5 19. Qb3 dxe5 20. Ng6 exd4 21. Nxh8
Rxh8 22. Kb1 c5 23. c4 Ne3 24. Rc1 bxc4 25. Qxb6 axb6 26. Bxc4 Bxf3 27. Bxe6+
Nxe6 28. Rhe1 Bg2 29. Ng1 Nxg5 30. Ne2 Be4+ {White resigns} 0-1

[Event "Team 45 45 League T54"]
[Site "Internet Chess Club"]
[Date "2012.09.17"]
[Round "5"]
[White "MickyMcMonigle"]
[Black "BotanicalKnight"]
[Result "1/2-1/2"]
[WhiteElo "1516"]
[BlackElo "1490"]
[Opening "Caro-Kann: advance variation"]
[ECO "B12"]
[Time "19:06:48"]
[TimeControl "2700+45"]

1. e4 c6 2. d4 d5 3. e5 Bf5 4. Bd3 Bxd3 5. Qxd3 e6 6. Ne2 Qb6 7. Qb3 Nd7 8. O-O
c5 9. c3 c4 10. Qc2 Ne7 11. f4 g6 12. Be3 Nf5 13. Bf2 h5 14. Ng3 Nxg3 15. Bxg3
a5 16. b3 cxb3 17. axb3 Bg7 18. Nd2 O-O 19. Bf2 Rfc8 {Game drawn by mutual
agreement} 1/2-1/2

[Event "Team 45 45 League T54"]
[Site "Internet Chess Club"]
[Date "2012.09.16"]
[Round "5"]
[White "Elalfer"]
[Black "samprabhur"]
[Result "0-1"]
[WhiteElo "1388"]
[BlackElo "1363"]
[Opening "QGD: 4.Nf3"]
[ECO "D37"]
[Time "16:12:10"]
[TimeControl "2700+45"]

1. d4 d5 2. c4 Nf6 3. Nc3 e6 4. Nf3 Be7 5. e3 O-O 6. Bd3 b6 7. O-O Bb7 8. Qc2 h6
9. cxd5 exd5 10. Bd2 c5 11. dxc5 bxc5 12. Na4 Nbd7 13. Rac1 Rc8 14. Bf5 Rc6 15.
Qb3 Qb8 16. Bxd7 Nxd7 17. Qxd5 Rd6 18. Qc4 Bxf3 19. gxf3 Rxd2 20. Rfd1 Ne5 21.
Qe4 Rfd8 22. Rxd2 Rxd2 23. f4 Ng6 24. f5 Qe5 25. Rc4 Rd1+ 26. Kg2 Nh4+ 27. Kh3
Qxe4 28. Rxe4 Nxf5 29. Re5 g6 30. e4 Rd3+ 31. Kg4 h5+ 32. Kf4 Bd6 33. exf5 Bxe5+
34. Kxe5 gxf5 35. Kxf5 Rh3 36. Nxc5 Rxh2 37. Nd3 h4 38. Kg4 Kg7 39. Kg5 h3 40.
Kg4 f5+ 41. Kg3 Rg2+ 42. Kxh3 Rg4 43. f3 Rd4 44. Nc5 Kh6 45. Ne6 Rd2 46. Kg3
Rxb2 47. Kf4 Kg6 48. Nd4 Rb4 49. Ke5 Ra4 50. Nxf5 Ra5+ 51. Ke6 Rxf5 {White
resigns} 0-1

[Event "Team 45 45 League T54"]
[Site "Internet Chess Club"]
[Date "2012.09.15"]
[Round "5"]
[White "IanT"]
[Black "tamky70"]
[Result "1-0"]
[WhiteElo "1533"]
[BlackElo "1393"]
[Opening "French: exchange variation"]
[ECO "C01"]
[Time "08:51:38"]
[TimeControl "2700+45"]

1. e4 e6 2. d4 d5 3. exd5 exd5 4. c4 c6 5. Nf3 Nf6 6. Bg5 Be7 7. Nc3 O-O 8. Be2
Bg4 9. Bxf6 Bxf6 10. cxd5 cxd5 11. O-O Nc6 12. Qd2 a6 13. Rad1 Qa5 14. h3 Be6
15. Rc1 Qd8 16. Bd1 Qd7 17. Bb3 Ne7 18. Na4 Bxh3 19. gxh3 Qxh3 20. Rc3 Qg4+ 21.
Kh1 Qh5+ 22. Nh2 Nf5 23. Qd1 Qh4 24. Qg4 Nxd4 25. Qxh4 Bxh4 26. Bxd5 Rab8 27.
Nf3 Nxf3 28. Rxf3 Bf6 29. Rb3 b5 30. Nc5 Rbd8 31. Bf3 Rd4 32. Nxa6 Rd2 33. Rxb5
Bxb2 34. Kg2 Bf6 35. a4 Rd6 36. Nc5 Bd4 37. Ne4 Rg6+ 38. Rg5 Ra6 39. Bd1 f6 40.
Bb3+ Kh8 41. Rd5 Rb6 42. Rb5 Rc6 43. Rd1 Be5 44. Ng5 fxg5 45. Rxe5 Rcf6 46. Rd2
h6 47. Rde2 Rb6 48. Bc4 Rbf6 49. Bb5 Rf4 50. Re8 Rg4+ 51. Kf1 Rxe8 52. Rxe8+ Kh7
53. Bd3+ g6 54. a5 Ra4 55. a6 Kg7 56. Re7+ Kf6 57. Rh7 h5 58. a7 g4 59. Be4
{Black resigns} 1-0

[Event "Team 45 45 League T54"]
[Site "Internet Chess Club"]
[Date "2012.09.14"]
[Round "5"]
[White "milesotoole"]
[Black "iceface"]
[Result "1/2-1/2"]
[WhiteElo "1604"]
[BlackElo "1650"]
[Opening "Queen's pawn game"]
[ECO "A46"]
[Time "20:41:58"]
[TimeControl "2700+45"]

1. d4 Nf6 2. Nf3 e6 3. Bf4 b6 4. e3 Bb7 5. Nbd2 d6 6. Bd3 Nbd7 7. Qe2 a5 8. e4
h6 9. e5 dxe5 10. dxe5 Nd5 11. Bg3 Nb4 12. Be4 Ba6 13. c4 Nc5 14. O-O Nxe4 15.
Qxe4 Qc8 16. a3 Bb7 17. Qe2 Nc6 18. Rad1 Be7 19. Ne4 O-O 20. Nc3 Rd8 21. Nb5 Na7
22. Nc3 Rxd1 23. Rxd1 Qe8 24. Rd3 Ba6 25. Qe4 Rd8 26. Bh4 Bxh4 27. Nxh4 Rxd3 28.
Qxd3 Nc6 29. Qe4 Qd7 30. Nf3 Ne7 31. b3 Qc8 32. Nb5 Bxb5 33. cxb5 Nd5 34. g3 Qf8
35. a4 Qa3 36. Nd4 Qa1+ 37. Kg2 Qc3 38. h3 {Game drawn by mutual agreement}
1/2-1/2

[Event "Team 45 45 League T54"]
[Site "Internet Chess Club"]
[Date "2012.09.14"]
[Round "5"]
[White "iwin2"]
[Black "burnsy"]
[Result "0-1"]
[WhiteElo "1534"]
[BlackElo "1509"]
[Opening "Sicilian: closed"]
[ECO "B23"]
[Time "20:45:41"]
[TimeControl "2700+45"]

1. e4 c5 2. Nc3 a6 3. f4 Nc6 4. a4 d6 5. Nf3 Bg4 6. Bc4 e6 7. d3 Nd4 8. Rf1 Bxf3
9. gxf3 Qh4+ 10. Rf2 Be7 11. Be3 Bf6 12. Ne2 Nxf3+ 13. Kf1 Qh3+ 14. Rg2 Nxh2+
15. Kf2 Bh4+ 16. Ng3 Ng4+ 17. Kf3 Nxe3 18. Qe2 Nxg2 19. Qxg2 Qxg2+ 20. Kxg2 Bxg3
21. Kxg3 Nf6 22. e5 dxe5 23. fxe5 Nd5 24. Kf3 O-O 25. c3 f6 26. Ke4 fxe5 27.
Kxe5 Rae8 28. Re1 Rf5+ 29. Ke4 Nf6+ 30. Ke3 Re5+ 31. Kf2 Rxe1 32. Kxe1 Kf7 33.
Kf2 Rd8 {White resigns} 0-1

[Event "Team 45 45 League T54"]
[Site "Internet Chess Club"]
[Date "2012.09.15"]
[Round "5"]
[White "Berke"]
[Black "trifire"]
[Result "1-0"]
[WhiteElo "1520"]
[BlackElo "1401"]
[Opening "Sicilian: Smith-Morra gambit"]
[ECO "B21"]
[Time "18:01:08"]
[TimeControl "2700+45"]

1. e4 c5 2. d4 cxd4 3. c3 dxc3 4. Nxc3 e6 5. Nf3 d6 6. Bf4 a6 7. Bc4 b5 8. Bb3
Ra7 9. O-O Rd7 10. Qe2 Nc6 11. a4 b4 12. Nd1 g6 13. Ne3 Bg7 14. Rac1 Bb7 15. Nc4
Nge7 16. Rfd1 d5 17. exd5 exd5 18. Nce5 Nxe5 19. Nxe5 Rd6 20. Nd3 Re6 21. Qd2 a5
22. Nc5 Rb6 23. Nxb7 Rxb7 24. Bxd5 Rd7 25. Bxf7+ Kxf7 26. Qxd7 Qxd7 27. Rxd7
Bxb2 28. Rcc7 Bf6 29. g4 h6 30. Bd6 Re8 31. Ra7 b3 32. Rxa5 Ke6 33. Raa7 Nd5 34.
Rab7 b2 35. Ba3 Rc8 36. Rd6+ Ke5 37. Rxf6 Kxf6 38. Bxb2+ Kg5 39. Rb5 Rd8 40. h3
Kf4 41. Bc1+ Ke4 42. Kg2 Nf4+ 43. Kh2 g5 44. a5 Rd3 45. Bxf4 gxf4 46. Kg2 Ra3
47. Rh5 Ra1 48. Rf5 Ra3 49. Rf6 Rxa5 50. Rxh6 f3+ 51. Kg3 Rg5 52. Re6+ Kd5 53.
Re3 Kd6 54. Rxf3 Ke7 55. h4 Rg6 56. Ra3 Kf8 57. Ra7 Kg8 58. f4 Rb6 59. g5 Rb3+
60. Kg4 Rb2 61. h5 Rg2+ 62. Kf5 Rb2 63. h6 Rb5+ 64. Kg6 Rb6+ 65. Kh5 Rb1 66. g6
Rb5+ 67. Kg4 Rb8 68. f5 Rb4+ 69. Kg5 Rb8 70. Re7 Rc8 71. Kf6 Rf8+ 72. Kg5 Rd8
73. f6 Rd5+ 74. Kf4 Rd4+ 75. Ke5 Rd8 76. f7+ Kh8 77. Re8+ {Black resigns} 1-0

[Event "Team 45 45 League T54"]
[Site "Internet Chess Club"]
[Date "2012.09.17"]
[Round "5"]
[White "chesschessboy"]
[Black "Iowa-Archer"]
[Result "1-0"]
[WhiteElo "1367"]
[BlackElo "1334"]
[Opening "Sicilian: closed"]
[ECO "B23"]
[Time "12:00:15"]
[TimeControl "2700+45"]

1. e4 c5 2. Nc3 d6 3. f4 e6 4. Nf3 Nf6 5. Bc4 Nbd7 6. d3 Nb6 7. Bb3 Be7 8. O-O
a5 9. a4 Bd7 10. Qe1 Qc7 11. Qe2 O-O 12. Be3 Ng4 13. Ng5 Nxe3 14. Qxe3 Bxg5 15.
fxg5 c4 16. Ba2 cxd3 17. cxd3 Nxa4 18. Nxa4 Bxa4 19. Bxe6 fxe6 20. Rxf8+ Rxf8
21. Rxa4 Qc2 22. Ra1 Qxb2 23. Re1 e5 24. Qg3 a4 25. g6 Qd4+ 26. Kh1 h6 27. Qh3
Qf2 28. Rg1 Qd4 29. Qe6+ Kh8 30. Qe7 Rg8 31. Rc1 Qxd3 32. Qf7 Qxe4 33. Qxg8+
Kxg8 34. Rc8# {Black checkmated} 1-0

[Event "Team 45 45 League T54"]
[Site "Internet Chess Club"]
[Date "2012.09.14"]
[Round "5"]
[White "joshq03"]
[Black "JRussell2"]
[Result "1-0"]
[WhiteElo "1445"]
[BlackElo "1386"]
[Opening "Sicilian: Alapin's variation (2.c3)"]
[ECO "B22"]
[Time "19:31:19"]
[TimeControl "2700+45"]

1. e4 c5 2. c3 e5 3. Bc4 Nf6 4. d3 Nc6 5. Nf3 h6 6. O-O Be7 7. Be3 d6 8. Nbd2
O-O 9. h3 d5 10. Bb3 dxe4 11. dxe4 Qc7 12. Qe2 a6 13. a4 Na5 14. Ba2 Bd7 15. Bb1
b5 16. Bc2 b4 17. c4 Rab8 18. b3 Bc6 19. Nh4 Nxe4 20. Nf5 Nc3 21. Qg4 Bf6 22.
Nxh6+ Kh8 23. Qf5 g6 24. Qxf6+ Kh7 25. Nf5 Rfe8 26. Qg7# {Black checkmated} 1-0

[Event "Team 45 45 League T54"]
[Site "Internet Chess Club"]
[Date "2012.09.16"]
[Round "5"]
[White "Just-Jim"]
[Black "moodle"]
[Result "1-0"]
[WhiteElo "1401"]
[BlackElo "1335"]
[Opening "Two knights defense (Modern bishop's opening)"]
[ECO "C55"]
[Time "18:00:28"]
[TimeControl "2700+45"]

1. e4 e5 2. Nf3 Nc6 3. Bc4 Nf6 4. d3 Bb4+ 5. c3 Be7 6. Ng5 d5 7. exd5 Na5 8.
Qa4+ Nd7 9. Qxa5 Bxg5 10. O-O Bxc1 11. Rxc1 b6 12. Qb5 O-O 13. Qc6 Rb8 14. Qb5
a6 15. Qb4 b5 16. Bb3 c5 17. Qe4 a5 18. Nd2 a4 19. Bc2 g6 20. Nf3 Re8 21. Qe3
Bb7 22. c4 bxc4 23. dxc4 Ra8 24. Qh6 Nb6 25. Ng5 Qxg5 26. Qxg5 a3 27. b3 Rad8
28. h4 Rd6 29. Re1 Nd7 30. f4 f6 31. Qh6 Nf8 32. fxe5 fxe5 33. Re3 Rf6 34. Rae1
Nd7 35. g4 Ref8 36. h5 e4 37. Bxe4 Rf4 38. Rg3 Ne5 39. hxg6 Nxg6 40. Bxg6 hxg6
41. Qxg6+ Kh8 42. Rh3# {Black checkmated} 1-0

[Event "Team 45 45 League T54"]
[Site "Internet Chess Club"]
[Date "2012.09.15"]
[Round "5"]
[White "bowwrestler"]
[Black "mc9999"]
[Result "0-1"]
[WhiteElo "1185"]
[BlackElo "1208"]
[Opening "Sicilian: Labourdonnais-Löwenthal variation"]
[ECO "B32"]
[Time "17:05:21"]
[TimeControl "2700+45"]

1. e4 c5 2. Nf3 Nc6 3. d4 cxd4 4. Nxd4 e5 5. Nxc6 bxc6 6. c4 Bb4+ 7. Bd2 Rb8 8.
Nc3 Nf6 9. a3 Bc5 10. Bg5 Rxb2 11. Na4 Bxf2# {White checkmated} 0-1

[Event "Team 45 45 League T54"]
[Site "Internet Chess Club"]
[Date "2012.09.15"]
[Round "5"]
[White "Conjurer"]
[Black "Cicero"]
[Result "1-0"]
[WhiteElo "1526"]
[BlackElo "1312"]
[Opening "Queen's pawn: London system"]
[ECO "A45"]
[Time "13:06:58"]
[TimeControl "2700+45"]

1. d4 Nf6 2. Bf4 d6 3. Nf3 g6 4. e3 Bg7 5. Bd3 b6 6. Bg5 c5 7. Bxf6 Bxf6 8. Nc3
O-O 9. Be4 cxd4 10. Nxd4 e5 11. Bxa8 exd4 12. Nb5 Ba6 13. Nxd4 Bxd4 14. Qxd4 Qc7
15. O-O-O Rc8 16. Be4 Bb7 17. Rd2 Bxe4 18. Qxe4 Nd7 19. Rhd1 Nc5 20. Qd5 Na4 21.
Qxd6 Qc4 22. Qf6 {Black forfeits on time} 1-0

[Event "Team 45 45 League T54"]
[Site "Internet Chess Club"]
[Date "2012.09.16"]
[Round "5"]
[White "arconia"]
[Black "guyd52"]
[Result "1-0"]
[WhiteElo "1350"]
[BlackElo "1279"]
[Opening "King's pawn opening"]
[ECO "B07"]
[Time "19:00:57"]
[TimeControl "2700+45"]

1. e4 d6 2. Nf3 Nf6 3. d3 g6 4. Be2 Bg7 5. O-O O-O 6. Nc3 e5 7. h3 Nbd7 8. Bg5
a6 9. Nh2 Nc5 10. f4 exf4 11. Nd5 c6 12. Nxf4 h6 13. Bxf6 Bxf6 14. Rb1 Bd4+ 15.
Kh1 Ne6 16. Ng4 Kg7 17. Qe1 h5 18. Nh2 Qg5 19. h4 Qe5 20. Qg3 Nxf4 21. Rxf4 Qc5
22. c3 Bf6 23. d4 Qa5 24. a3 Rh8 25. Rbf1 Qd8 26. Rxf6 Be6 27. Rxe6 fxe6 28. Nf3
Qe7 29. e5 d5 30. Bd3 Rh6 31. Ng5 Rf8 32. Rxf8 Kxf8 33. Qh3 Kg8 34. Nxe6 b6 35.
c4 Qd7 36. cxd5 Qxd5 37. Bxa6 g5 38. Nxg5 Qxd4 39. Qc8+ Kg7 40. Qc7+ Kh8 41.
Nf7+ Kg7 42. Nxh6+ Kxh6 43. Qxc6+ Kg7 44. Qf6+ Kh7 45. Qf7+ Kh6 46. e6 Qxh4+ 47.
Kg1 Qe1+ 48. Bf1 Qe3+ 49. Kh1 Qg5 50. e7 Qh4+ 51. Kg1 Qd4+ 52. Qf2 Qe5 53. Qf8+
Kh7 54. e8=Q Qd4+ 55. Qf2 Qxf2+ 56. Kxf2 h4 57. Qe7+ Kg6 58. Qxh4 b5 59. Bxb5
Kf5 60. g4+ Ke6 61. g5 Kf7 62. Qh5+ Kg7 63. Qh6+ Kg8 64. Qe6+ Kg7 65. Bc4 Kh7
66. Qh6# {Black checkmated} 1-0

[Event "Team 45 45 League T54"]
[Site "Internet Chess Club"]
[Date "2012.09.14"]
[Round "5"]
[White "dabodhi"]
[Black "lawth3"]
[Result "1-0"]
[WhiteElo "1322"]
[BlackElo "1226"]
[Opening "Caro-Kann: exchange variation"]
[ECO "B13"]
[Time "15:00:36"]
[TimeControl "2700+45"]

1. e4 c6 2. d4 d5 3. exd5 cxd5 4. Bd3 Nc6 5. c3 Qc7 6. Ne2 Bg4 7. Qb3 Bxe2 8.
Bxe2 Nf6 9. Bg5 a6 10. Bxf6 exf6 11. Qxd5 Be7 12. Nd2 O-O 13. Nf3 b5 14. b4 a5
15. Bxb5 Rfc8 16. Bc4 Rf8 17. b5 Rad8 18. Qxc6 Qf4 19. O-O Rc8 20. Qd5 Qc7 21.
Nd2 Ba3 22. Rab1 Bd6 23. g3 g6 24. b6 Qe7 25. b7 Rce8 26. Rfe1 Qc7 27. Rxe8 Rxe8
28. a4 Qd7 29. Bb5 Qe6 30. Qxe6 Rxe6 31. Bd7 Re7 32. b8=Q+ Bxb8 33. Rxb8+ Kg7
34. Bb5 Rc7 35. c4 Re7 36. d5 Re1+ 37. Kg2 Rd1 38. Ne4 Rd3 39. d6 f5 40. Ng5
Rxd6 41. c5 Rd2 42. c6 Rc2 43. Rb7 Kf6 44. Nxh7+ Ke6 45. c7 Kd6 46. Ng5 Rxc7 47.
Rxc7 Kxc7 48. Nxf7 {Black resigns} 1-0

[Event "Team 45 45 League T54"]
[Site "Internet Chess Club"]
[Date "2012.09.16"]
[Round "5"]
[White "Macovitski"]
[Black "wekabird"]
[Result "1-0"]
[WhiteElo "1197"]
[BlackElo "1150"]
[Opening "Caro-Kann: Panov-Botvinnik, Gunderam attack"]
[ECO "B13"]
[Time "19:02:09"]
[TimeControl "2700+45"]

1. e4 c6 2. d4 d5 3. exd5 cxd5 4. c4 Nf6 5. c5 e6 6. b4 Be7 7. Nf3 O-O 8. a4 b6
9. Nc3 a5 10. b5 bxc5 11. Ba3 Qb6 12. dxc5 Bxc5 13. Bxc5 Qxc5 14. Qd2 Qb6 15.
Bd3 Nbd7 16. O-O Nc5 17. Bc2 h6 18. Rfe1 Bb7 19. Nd4 Qd6 20. Rab1 Ng4 21. g3 Ne5
22. b6 Nc4 23. Qe2 Nxb6 24. Ncb5 Qd7 25. Qe3 Nc4 26. Qf3 Nd2 27. Qc3 Nc4 28. Nb3
Nxb3 29. Rxb3 Rac8 30. Qd3 Bc6 31. Qh7# {Black checkmated} 1-0

[Event "Team 45 45 League T54"]
[Site "Internet Chess Club"]
[Date "2012.09.15"]
[Round "5"]
[White "sockmonkey"]
[Black "fuzzface"]
[Result "1/2-1/2"]
[WhiteElo "1437"]
[BlackElo "1331"]
[Opening "Queen's pawn game"]
[ECO "D02"]
[Time "09:01:13"]
[TimeControl "2700+45"]

1. d4 d5 2. Nf3 c6 3. Bg5 Bg4 4. Nbd2 f6 5. Bf4 e6 6. e4 dxe4 7. Nxe4 Bxf3 8.
Qxf3 f5 9. Nc3 Bb4 10. O-O-O Bxc3 11. Qxc3 Nf6 12. Bg5 Qd5 13. Bxf6 gxf6 14. Kb1
Nd7 15. Qd3 O-O-O 16. c4 Qe4 17. Qxe4 fxe4 18. Be2 Kc7 19. c5 e5 20. b4 b6 21.
cxb6+ axb6 22. b5 c5 23. dxc5 Nxc5 24. Rc1 Rd2 25. Rc2 Rxc2 26. Kxc2 Rd8 27. Rd1
Rxd1 28. Kxd1 Kd6 29. Bc4 Nd3 30. Bxd3 exd3 31. Kd2 Kc5 32. Kxd3 Kxb5 33. Ke4
Ka4 34. Kf5 b5 35. Kxf6 b4 36. Kxe5 Ka3 37. f4 Kxa2 38. f5 b3 39. f6 b2 40. f7
b1=Q 41. f8=Q Qe1+ 42. Kd4 Qd2+ 43. Ke4 Qe2+ 44. Kd4 Qg4+ 45. Ke3 Qe6+ 46. Kf3
Qd5+ 47. Kg3 Qg5+ 48. Kh3 Qh5+ 49. Kg3 Qg5+ 50. Kh3 {Game drawn by mutual
agreement} 1/2-1/2

[Event "Team 45 45 League T54"]
[Site "Internet Chess Club"]
[Date "2012.09.18"]
[Round "5"]
[White "GideonL"]
[Black "Iowa-Archer"]
[Result "0-1"]
[WhiteElo "1154"]
[BlackElo "1343"]
[Opening "Sicilian"]
[ECO "B50"]
[Time "12:15:04"]
[TimeControl "2700+45"]

1. e4 c5 2. Nf3 d6 3. Nc3 Nf6 4. Bb5+ Nbd7 5. d3 e6 6. Bg5 Be7 7. O-O a6 8.
Bxd7+ Bxd7 9. Bxf6 Bxf6 10. Qd2 O-O 11. Rad1 b5 12. Rfe1 b4 13. Ne2 Bxb2 14. Qf4
Qe7 15. Ng3 e5 16. Qg5 Qxg5 17. Nxg5 Bc3 18. Re2 Bd4 19. Nf3 Bc3 20. Nd2 Be6 21.
Nb3 a5 22. Rb1 a4 23. Nc1 c4 24. Re3 Bd2 25. Re2 c3 26. Nf1 Bxc1 27. Rxc1 Bxa2
28. Ree1 a3 29. Ra1 Be6 30. Reb1 Rfb8 31. Ne3 a2 32. Rf1 b3 33. cxb3 Rxb3 34.
Rfc1 Raa3 35. Nd1 c2 36. Ne3 Rxd3 37. Nxc2 Rac3 38. Nb4 Rxc1+ 39. Rxc1 Rd2 40.
Ra1 Rb2 41. Nxa2 {White resigns} 0-1

[Event "Team 45 45 League T54"]
[Site "Internet Chess Club"]
[Date "2012.09.16"]
[Round "5"]
[White "semperfi"]
[Black "tamky70"]
[Result "0-1"]
[WhiteElo "1276"]
[BlackElo "1404"]
[Opening "Queen's pawn game"]
[ECO "D02"]
[Time "09:30:07"]
[TimeControl "2700+45"]

1. d4 d5 2. Nf3 c6 3. e3 Nf6 4. Bd3 e6 5. c3 Nbd7 6. O-O Be7 7. Nbd2 c5 8. dxc5
Nxc5 9. Bc2 O-O 10. b4 Nce4 11. Nxe4 Nxe4 12. Bb2 Bf6 13. Qd3 a5 14. a3 g6 15.
Nd4 Bd7 16. f3 Nd6 17. Rfe1 Nc4 18. Rab1 axb4 19. axb4 Bxd4 20. Qxd4 Ra2 21. Bb3
Rxb2 22. Bxc4 Rxb1 23. Rxb1 dxc4 24. Qxc4 Qf6 25. Rd1 Bc6 26. Kf2 Ra8 27. Qd4
Ra2+ 28. Rd2 Qxd4 29. cxd4 Rxd2+ 30. Kg3 Rb2 {White resigns} 0-1